 Dungeon Crawl Stone Soup version 0.29-a0-757-g358383bc75 (webtiles) character file.

Game seed: 9141058985836262725

37 Sabo the Trooper (level 3, -6/33 HPs)
             Began as a Hill Orc Fighter on July 1, 2022.
             Was a Follower of Qazlal.
             Mangled by a gnoll
             ... wielding a +2 vampiric halberd
              (8 damage)
             ... on level 2 of the Dungeon.
             The game lasted 00:04:35 (1077 turns).

Sabo the Trooper (Hill Orc Fighter)                 Turns: 1077, Time: 00:04:35

Health: -6/33      AC:  7    Str: 20    XL:     3   Next: 41%
Magic:  3/3        EV:  9    Int:  8    God:    Qazlal [*.....]
Gold:   35         SH:  6    Dex: 10    Spells: 2/2 levels left

rFire   . . .      SeeInvis .   a - +0 war axe
rCold   . . .      Faith    .   c - +0 buckler
rNeg    . . .      Spirit   .   b - +0 scale mail
rPois   .          Reflect  .   (no helmet)
rElec   .          Harm     .   (no cloak)
rCorr   .          Rampage  .   (no gloves)
Will    .....                   (no boots)
Stlth   ..........              (no amulet)
HPRegen 0.11/turn               (no ring)
MPRegen 0.08/turn               (no ring)

@: no status effects
A: no striking features
a: Renounce Religion


You were on level 2 of the Dungeon.
You worshipped Qazlal.
Qazlal was aware of your devotion.
You visited 1 branch of the dungeon, and saw 2 of its levels.

You collected 35 gold pieces.

Inventory:

Hand Weapons
 a - a +0 war axe (weapon)
 k - a +0 sling
Armour
 b - a +0 scale mail (worn)
 c - a +0 buckler (worn)
Scrolls
 e - a scroll of identify {unknown}
 g - a scroll of vulnerability {unknown}
 i - a scroll of blinking
 j - a scroll of fog {unknown}
Potions
 d - a potion of might
 f - a potion of brilliance {unknown}
 h - a potion of curing {unknown}


   Skills:
 + Level 4.1 Fighting
 + Level 3.4 Axes
 + Level 3.7 Armour
 + Level 3.6 Shields


You had 2 spell levels left.
You didn't know any spells.
Your spell library contained the following spells:

 Spells                   Type           Power      Damage    Failure   Level
 Confusing Touch          Hex            0%         N/A       99%         3
 Fireball                 Conj/Fire      0%         3d3       100%        5
 Yara's Violent Unravell  Hex/Tmut       0%         3d3       100%        5
 Starburst                Conj/Fire      0%         6d3       100%        6
 Enfeeble                 Hex            0%         N/A       100%        7
 Ignition                 Fire           0%         3d3       100%        8


Dungeon Overview and Level Annotations

Branches:
Dungeon (2/15)

Altars:
Qazlal

Shops:
D:1 (


Message History

You barely miss the gnoll.
The gnoll shouts!
You hit the ball python.
You kill the ball python!
Qazlal accepts your kill. The gnoll hits you but does no damage.
You slash the gnoll!
The gnoll is severely wounded.
The gnoll hits you with a +0 spear.
A gnoll comes into view. It is wielding a +0 halberd.
You slash the gnoll!
You kill the gnoll!
Qazlal accepts your kill.
You barely miss the ball python.
The ball python bites you but does no damage.
The ball python grabs you. The ball python constricts you.
The gnoll hits you with a +1 vampiric whip.
The ball python barely misses you. The ball python constricts you.
You hit the gnoll but do no damage.
You hit the ball python but do no damage.
The ball python bites you. The ball python constricts you.
The gnoll barely misses you.
The gnoll hits you with a +1 vampiric whip.
You closely miss the gnoll. You hit the ball python.
You kill the ball python!
Qazlal accepts your kill. The gnoll closely misses you.
The gnoll hits you from afar with a +2 vampiric halberd!
You barely miss the gnoll.
The gnoll hits you from afar with a +0 halberd!
* * * LOW HITPOINT WARNING * * *
The gnoll barely misses you. The gnoll closely misses you.
The gnoll hits you but does no damage. The gnoll barely misses you.
The gnoll hits you but does no damage.
You hit the gnoll but do no damage.
The gnoll hits you from afar with a +0 halberd.
* * * LOW HITPOINT WARNING * * *
You block the gnoll's attack.
The gnoll hits you from afar with a +2 vampiric halberd!
You die...

..# ...# # ...#.
######## ....
#......####.###
#.####.##.....#
#.####.##.#.#.###..
#.#................
#......#...@g.###.
#.#.#.....#†.g#
#......#.....g....
#...#.#####.##.##.#
#.[##.# #.# .#
#..##.# #.# #
#.....# ... ##..###
... ## ##.# .


You could see 3 gnolls.

Vanquished Creatures
  A gnoll (D:2)
  2 bats (D:1)
  3 endoplasms (D:1)
  5 hobgoblins (D:1)
  3 jackals (D:1)
  A quokka (D:1)
  2 ball pythons (D:2)
  A frilled lizard (D:1)
  5 kobolds (D:1)
  2 rats (D:1)
25 creatures vanquished.

Notes
Turn   | Place    | Note
-------+----------+-------------------------------------------
     0 | D:1      | Sabo the Hill Orc Fighter began the quest for the Orb.
     0 | D:1      | Reached XP level 1. HP: 19/19 MP: 1/1
     3 | D:1      | Noticed an electric eel
    10 | D:1      | Noticed an electric eel
   166 | D:1      | Reached XP level 2. HP: 27/27 MP: 2/2
   412 | D:1      | Found a faded altar of an unknown god.
   422 | D:1      | Prayed at the altar of an unknown god.
   422 | D:1      | Became a worshipper of Qazlal Stormbringer
   422 | D:1      | Reached * piety under Qazlal
   461 | D:1      | Found Cotipp's Weapon Emporium.
   539 | D:1      | Reached skill level 4 in Fighting
   700 | D:1      | Reached XP level 3. HP: 29/33 MP: 3/3
  1077 | D:2      | Mangled by a gnoll

Illustrated notes

Levels and vault maps discovered:
D:1:      arrival_aquarium_b, layout_loops_ring, serial_shops,
          nicolae_square_shop, ebering_ecumenical_altar_box
D:2:      layout_loops_cross, basic_altar

Skill      XL: |  1  2 |
---------------+-------+-----
Fighting       | 4 |  4.1
Axes           | 3 |  3.4
Armour         | |  3.7
Shields        | |  3.6

Action                   || total
-------------------------++-------
Melee: War axe           ||    54
  Use: Scroll            ||     1
Armor: Scale mail        ||    39
Dodge: Dodged            ||    29
Block: Buckler           ||    13

Table legend: (Time is in decaauts)
 A = Elapsed time spent in this place.
 B = Non-inter-level travel time spent in this place.
 C = Inter-level travel time spent in this place.
 D = Time resting spent in this place.
 E = Time spent auto-exploring this place.
 F = Levels seen in this place.
 G = Mean time per level.
                   A        B        C        D        E       F      G
               +--------+--------+--------+--------+--------+-----+--------+
         Total |   1098 |   1098 |      0 |    273 |      0 |   2 |  549.0 |
       Dungeon |   1098 |   1098 |      0 |    273 |      0 |   2 |  549.0 |
               +--------+--------+--------+--------+--------+-----+--------+

Top non-repeatable levels by time:
     D:1: 1013 daAuts
     D:2: 84 daAuts
